 Dungeon Crawl Stone Soup version 0.15.2 (webtiles) character file.

87398 magipi the Severer (level 15, 0/79 HPs)
             Began as a Vine Stalker Berserker on Sept 16, 2015.
             Was the Champion of Trog.
             Slain by a ghost moth (3 damage)
             ... while paralysed by a red wasp
             ... on Level 3 of the Spider Nest.
             The game lasted 02:33:42 (17490 turns).

magipi the Severer (Vine Stalker Berserker)        Turns: 17490, Time: 02:33:43

HP   0/79        AC 21     Str 22      XL: 15   Next: 90%
MP   0/30        EV  2     Int  8      God: Trog [******]
Gold 2066        SH  0     Dex 17 (18) Spells:  0 memorised, 14 levels left

rFire  + . .     SeeInvis .     a - +7 executioner's axe (flame)
rCold  + . .     Clarity  .     F - +5 scale mail "Erergh" {+Blink +Fly Str+1}
rNeg   + . .     rCorr    .     (no shield)
rPois  .         rRot     +     i - +0 helmet of the Illusory Nights {rF+ MR+}
rElec  +         Spirit   +     B - +1 cloak
SustAb .         Warding  .     R - +2 pair of gloves {rC+}
rMut   .         Stasis   .     (no boots)
Gourm  .                        U - amulet of faith
MR     ++...                    n - ring of positive energy
                                e - ring of Ghiuwif {rElec Stlth-}

@: paralysed, lethally poisoned, slowed, very resistant to hostile enchantments,
extremely unstealthy
A: fangs 3, regeneration 3, magic shield, antimagic bite, no device heal 3, rot
immunity
a: Burn Spellbooks, Berserk, Trog's Hand, Brothers in Arms, Renounce Religion,
Evoke Blink, Evoke Flight


You were on level 3 of the Spider Nest.
You worshipped Trog.
Trog was exalted by your worship.
You were not hungry.

You visited 5 branches of the dungeon, and saw 31 of its levels.
You also visited: Ossuary, Bailey and Ice Cave.

You collected 3457 gold pieces.
You spent 1391 gold pieces at shops.

Inventory:

Hand weapons
 a - a +7 executioner's axe of flaming (weapon)
 b - a +0 blowgun
Missiles
 p - 5 throwing nets
 r - 4 silver javelins
 x - 5 poisoned javelins (quivered)
 z - 87 poisoned needles
 O - 5 tomahawks of dispersal
 X - 5 curare-tipped needles
Armour
 i - the +0 helmet of the Illusory Nights (worn) {rF+ MR+}
   (You found it in a bailey)

   It protects you from fire.
   It affects your resistance to hostile enchantments.
 B - a +1 cloak (worn)
 F - the +5 scale mail "Erergh" (worn) {+Blink +Fly Str+1}
   (You bought it in a shop on level 4 of the Orcish Mines)

   It affects your strength (+1).
   It lets you fly.
   It lets you blink.
 R - a +2 pair of gloves of cold resistance (worn)
Magical devices
 G - a wand of polymorph (9)
 L - a wand of teleportation (4)
 T - a wand of disintegration (4)
 V - a wand of cold (4)
 W - a wand of digging (9)
 Z - a wand of digging (11)
Comestibles
 c - 10 bread rations
 t - 10 meat rations
Scrolls
 d - 10 scrolls of remove curse
 k - 4 scrolls of blinking
 l - a scroll of enchant armour
 w - 5 scrolls of identify
 C - 9 scrolls of teleportation
 D - a scroll of summoning
 E - a scroll of silence
 K - 4 scrolls of recharging
 N - 5 scrolls of fog
 Y - a scroll of magic mapping
Jewellery
 e - the ring of Ghiuwif (left hand) {rElec Stlth-}
   (You bought it in a shop on level 4 of the Orcish Mines)

   [ring of loudness]

   It insulates you from electricity.
   It makes you less stealthy.
 f - an uncursed ring of protection from fire
 n - a ring of positive energy (right hand)
 v - an uncursed ring of protection from magic
 M - an uncursed amulet of resist mutation
 U - an amulet of faith (around neck)
Potions
 g - a potion of cancellation
 h - 16 potions of curing
 j - 6 potions of haste
 m - 2 potions of agility
 o - a potion of invisibility
 q - 6 potions of restore abilities
 u - a potion of flight
 A - 2 potions of resistance
 H - 5 potions of might
 Q - a potion of cure mutation
Miscellaneous
 P - a sack of spiders {used: 1}
 S - a lamp of fire (inert)
Rods
 s - a +1 rod of the swarm (13/13)
   (You found it on level 2 of the Lair of Beasts)


   Skills:
 - Level 9.2 Fighting
 + Level 15.9 Axes
 + Level 0.5 Throwing
 - Level 10.2 Armour
 - Level 10.0 Dodging
 + Level 10.6 Evocations


You had 14 spell levels left.
You didn't know any spells.

Dungeon Overview and Level Annotations

Branches:
Dungeon (15/15)            Temple (1/1) D:7             Orc (4/4) D:9
    Elf (0/3) Orc:3          Lair (8/8) D:8          Shoals (0/5) Lair:4
 Spider (3/5) Lair:3        Slime (0/6) Lair:8       Vaults (0/5) D:14
 Depths (0/5) D:15

Altars:
Ashenzari
Cheibriados
Dithmenos
Elyvilon
Fedhas
Kikubaaqudgha
Makhleb
Nemelex Xobeh
Okawaru
Qazlal
Sif Muna
Trog
Vehumet
Xom
Yredelemnul
Zin
The Shining One
Beogh

Shops:
D:8 *   D:9 }   D:14 [*(   D:15 *?!   Orc:4 *[=(%

Annotations:
D:5 Dowan, Duvessa, Prince Ribbit
D:6 magipi's ghost, experienced GrSk


Innate Abilities, Weirdness & Mutations

You have razor-sharp teeth.
You regenerate.
When hurt, damage is shared between your health and your magic reserves.
Your bite disrupts and absorbs the magic of your enemies.
Potions and wands cannot restore your health.
You are immune to rotting.

Vault maps used:
D:1:      sevenhm_arrival_forest_fort_large_4, solitary_fountain
D:2:      first_bread, guppyfry_early_orc_mine, uniq_sigmund, uniq_terence
D:4:      nicolae_ossuary_entry_ruins, kennysheep_generic_room_3, uniq_natasha
D:5:      uniq_edmund, uniq_prince_ribbit1, uniq_duvessa
D:7:      temple_pool_b, grunt_ogre_cave, eino_tiny_chamber, uniq_joseph
D:8:      old_standard_altar, gammafunk_temple_overflow_elements, lair_0_dummy,
          serial_shops, kennysheep_mini, bh_walls_and_bars
D:9:      overflow_temple_1_default, orc_0_dummy, serial_shops, shop
D:10:     minmay_klotski, serial_park_tiny_2, uniq_sonja
D:11:     boulder_corridor_run, special_room, uniq_urug
D:12:     serial_undead, serial_undead_c, serial_undead_d, serial_undead_f,
          serial_undead_b, nicolae_tso_swordbearing_angel
D:13:     hex_tiny
D:14:     hangedman_vaults_entry_quadrant_bands, serial_shops, shop,
          nicolae_shop_stone, nicolae_shop_waterfront
D:15:     grunt_enter_depths_snipers, serial_shops,
          nicolae_shop_temple_entry_statues_fountains, shop_statue, shop,
          basic_altar
Temple:   circular_temple_13
Orc:1:    enter_bailey_7, nicolae_orc_flooded_monolith
Orc:2:    uniq_josephine
Orc:3:    basic_altar, nicolae_orc_pool_cavern
Orc:4:    serial_shops, nicolae_shop_temple_entry_statues_fountains,
          grunt_orc_cross
Lair:1:   infiniplex_staircase_pool_2, grunt_megastairs_2
Lair:2:   bh_autumn_forest_stairs, lemuel_fruit_fields
Lair:3:   dummy_spider_entry, uniq_rupert
Lair:4:   minmay_shoals_entry_lonely_mermaid, grunt_megastairs_3,
          lemuel_fruit_fields
Lair:5:   uniq_harold
Lair:6:   uniq_maud
Lair:7:   serial_bayou_pond_b, uniq_fannar
Lair:8:   grunt_lair_end_beastmaster, slime_dummy, portal_ice_cave_entry_dragon
Spider:2: uniq_asterion
Spider:3: spider_trap, uniq_nikola, uniq_mara
Ossuary:  ossuary_the_hunt_dpeg
Bailey:   bailey_polearm_1, bailey
IceCv:    ice_cave_small_necro


Message History

You feel sick.
You feel sick.
Found a stone staircase leading down.
You feel sick.
You now have 2066 gold pieces (gained 23).
You feel sick.
You feel sick.
You feel sick.
You feel sick.
You feel sick.
You feel sick.
You feel sick.
You feel sick.
You feel sick.
You feel sick.
There is a stone staircase leading down here.
You feel sick.
You climb downwards.
You found a web!
You feel sick.
Found a stone staircase leading down.
There is a stone staircase leading up here.
You feel sick.
There is a stone staircase leading down here.
You feel sick.
You climb downwards.
An orb spider comes into view.
The orb spider hisses angrily.
Found 18 gold pieces.
There is a stone staircase leading up here.
Throwing (i - inventory. (,) - cycle):
x - 8 poisoned javelins (quivered)
Press: ? - help, Shift-Dir - straight line, f - orb spider
Aim: an orb spider You throw a poisoned javelin.
The poisoned javelin hits the orb spider!
The orb spider is poisoned.
The orb spider is moderately wounded.
The orb spider spins a strand of pure energy.
Unknown command.
Throwing (i - inventory. (,) - cycle):
x - 7 poisoned javelins (quivered)
Press: ? - help, Shift-Dir - straight line, f/p - orb spider
Aim: an orb spider (moderately wounded, poisoned)
You throw a poisoned javelin.
The poisoned javelin hits the orb spider.
The orb spider looks even sicker.
The orb spider is moderately wounded.
You feel sick.
Unknown command.
Throwing (i - inventory. (,) - cycle):
x - 6 poisoned javelins (quivered)
Press: ? - help, Shift-Dir - straight line, f/p - orb spider
Aim: an orb spider (heavily wounded, poisoned)
You throw a poisoned javelin.
The poisoned javelin hits the orb spider.
The orb spider is heavily wounded.
Unknown command.
You feel sick. Trog accepts your kill.
You feel a bit more experienced.
You feel sick.
A red wasp comes into view.
You feel sick.
The red wasp buzzes angrily.
The red wasp pulls away from the web.
Found a stone staircase leading up.
You feel you are being watched by something.
Deactivating autopickup; reactivate with Ctrl-A.
Something hits you but does no damage. Something hits you.
You feel clumsy.
Something stings you but does no damage.
A demonic crawler comes into view.
The demonic crawler gives a hideous shriek!
Something hits you. Something hits you but does no damage.
Something stings you but does no damage.
The red wasp stings you but does no damage.
You feel sick.
You feel you are being watched by something.
Something hits you but does no damage. x2
Something stings you but does no damage.
There is a stone staircase leading up here.
The red wasp stings you!
You are more poisoned.
You suddenly lose the ability to move!
You feel you are being watched by something.
The red wasp stings you but does no damage.
You feel sick. Something hits you but does no damage. Something hits you.
Something stings you but does no damage.
The red wasp stings you.
You are more poisoned.
You feel yourself slow down.
You feel very sick. Something hits you but does no damage. Something hits you.
Something stings you. The red wasp stings you!
* * * LOW HITPOINT WARNING * * *
You are lethally poisoned!
You feel as though you will be slow longer.
The red wasp stings you!
* * * LOW HITPOINT WARNING * * *
You are more poisoned.
You feel as though you will be slow longer.
Something hits you but does no damage. x2
Something stings you.
You die...

...#... ....... .
(...... ...
####........ #..^
###...........
#...#.......#..#.^
#.......#...##
#<####y.#....#
#..@{s##...#
#....#...$.#
#....#^##...#
#.#.#.## ##.
##.#### ##


You could see a demonic crawler and a red wasp.

Table legend:
 A = Kills in this place as a percentage of kills in entire the game.
 B = Kills by you in this place as a percentage of kills by you in the entire game.
 C = Kills by friends in this place as a percentage of kills by friends in the entire game.
 D = Other kills in this place as a percentage of other kills in the entire game.
 E = Experience gained in this place as a percentage of experience gained in the entire game.
 F = Experience gained in this place divided by the number of levels of this place that you have seen.
                   A       B       C       D       E      F
               +-------+-------+-------+-------+-------+----------------------
         Total | 100.0 | 100.0 | 100.0 | 100.0 | 100.0 | 3672.2
       Dungeon |  46.3 |  47.3 |   4.0 | 100.0 |  42.4 | 3532.5
  Orcish Mines |  16.4 |  16.1 |  28.0 |   0.0 |   8.7 | 2714.8
          Lair |  27.3 |  26.6 |  56.0 |   0.0 |  39.1 | 6095.2
   Spider Nest |   1.1 |   1.1 |   0.0 |   0.0 |   3.1 | 1277.0
       Ossuary |   1.4 |   1.4 |   0.0 |   0.0 |   0.2 | 312.0
        Bailey |   1.8 |   1.9 |   0.0 |   0.0 |   1.7 | 2131.0
      Ice Cave |   5.8 |   5.6 |  12.0 |   0.0 |   4.8 | 5972.0
               +-------+-------+-------+-------+-------+----------------------

Vanquished Creatures
  Rupert (Lair:3)
  A tengu reaver (D:10)
  Maud (Lair:6)
  A fire giant (D:10)
  Josephine (Orc:2)
  An ice dragon (Lair:8)
  A yaktaur captain (D:15)
  Harold (Lair:5)
  3 hydras
  A deep troll shaman (Lair:8)
  5 centaur warriors
  Urug (D:11)
  7 death yaks
  A catoblepas (Lair:8)
  6 skeletal warriors
  A deep elf knight (D:14)
  A deep troll (D:10)
  2 orb spiders
  An unseen horror (D:14)
  An ice statue (IceCv)
  5 hill giants
  6 orc knights
  7 ugly things
  A necromancer (IceCv)
  A deep elf conjurer (D:15)
  3 orc sorcerers
  2 wolf spiders (Spider:1)
  2 cyclopes
  10 elephants
  A manticore (D:15)
  A mermaid (Lair:4)
  2 griffons
  Joseph (D:7)
  6 black mambas
  A fire drake (Lair:7)
  2 kobold demonologists (D:14)
  7 spiny frogs
  An efreet (D:15)
  9 freezing wraiths (IceCv)
  7 komodo dragons
  A demonic crawler (Spider:1)
  A two-headed ogre (D:15)
  A queen bee (shapeshifter) (D:13)
  A hydra zombie (D:12)
  A polar bear (shapeshifter) (D:14)
  5 yaktaurs
  2 trolls (D:13)
  4 blink frogs (Lair:8)
  Sonja (D:10)
  A polar bear (Lair:8)
  A wolf spider simulacrum (IceCv)
  3 basilisks
  A wyvern (Lair:7)
  A tarantella (Spider:1)
  32 yaks
  2 trapdoor spiders (D:14)
  4 hungry ghosts
  A shadow (D:14)
  A griffon skeleton (D:14)
  4 redbacks (Spider:1)
  2 wraiths (D:10)
  3 deep elf magi
  2 deep elf fighters (D:15)
  12 wolves
  9 hippogriffs
  2 hill giant skeletons
  2 vampire mosquitoes
  5 wargs
  A mottled dragon (D:13)
  Edmund (D:5)
  7 water moccasins
  2 ogre skeletons
  10 ice beasts
  32 orc warriors
  5 porcupines
  2 sky beasts
  3 phantoms
  2 necrophages (D:12)
  2 manticore zombies (D:12)
  A black bear (Lair:8)
  15 centaurs
  4 boggarts (D:15)
  10 ogres
  Sigmund (D:2)
  3 boring beetles
  A big kobold (D:14)
  A gnoll sergeant (D:9)
  A komodo dragon zombie (D:12)
  Blork the orc (Orc:4)
  A yaktaur skeleton (D:13)
  15 crocodiles
  15 giant frogs
  2 cyclops zombies (D:12)
  3 cyclops skeletons
  2 eyes of draining
  A troll zombie (Orc:4)
  8 killer bees
  A swamp dragon simulacrum (IceCv)
  3 electric eels
  3 scorpions
  2 wights (D:12)
  4 draconian simulacra (IceCv)
  5 crimson imps
  5 iguanas
  7 centaur zombies
  9 hounds
  2 jellies
  20 orc priests
  2 giant frog skeletons
  36 orc wizards
  7 orange rats (Lair:5)
  7 worker ants
  Natasha (D:4)
  4 troll simulacra (IceCv)
  15 sheep
  2 big kobold zombies (Ossuary)
  2 centaur simulacra (IceCv)
  A mottled dragon zombie (D:12)
  A kobold simulacrum (D:13)
  Terence (D:2)
  6 mummies
  6 gnolls
  3 ogre simulacra (IceCv)
  16 adders
  62 green rats
  5 orc zombies
  5 shadow imps
  12 white imps (IceCv)
  7 naga simulacra (IceCv)
  4 giant geckos
  138 orcs
  3 giant cockroaches
  21 hobgoblins
  11 jackals
  2 oozes
  10 quokkas
  2 ball pythons
  19 bats
  A giant gecko zombie (D:8)
  4 giant newts
  3 giant spores (D:10)
  19 goblins
  A hobgoblin skeleton (D:5)
  3 hobgoblin zombies (Ossuary)
  18 kobolds
  A kobold zombie (D:8)
  An orc simulacrum (Orc:2)
  4 orc skeletons
  14 rats
  7 ballistomycetes (D:10)
  2 butterflies
  10 fungi
  3 plants
933 creatures vanquished.

Vanquished Creatures (collateral kills)
  An orc warlord (Orc:4)
  A dire elephant (Lair:8)
  Fannar (Lair:7)
  2 death yaks (Lair:7)
  An orc high priest (Orc:4)
  2 elephants (Lair:7)
  A torpor snail (Lair:7)
  2 komodo dragons
  A troll (Orc:4)
  A freezing wraith (IceCv)
  2 hippogriffs (Lair:7)
  3 orc warriors (Orc:4)
  A crocodile (Lair:7)
  An ogre (D:10)
  2 polar bear simulacra (IceCv)
  2 adders
  A hobgoblin (Orc:4)
25 creatures vanquished.

Vanquished Creatures (others)
  A stone giant (Orc:4)
  A trapdoor spider (D:10)
  A spider (D:10)
  An orc warrior (D:10)
  An ogre (D:10)
  A mummy (D:10)
  A green rat (Lair:5)
  A giant mite (D:10)
8 creatures vanquished.

Grand Total: 966 creatures vanquished

Notes
Turn   | Place    | Note
--------------------------------------------------------------
     0 | D:1      | magipi, the Vine Stalker Berserker, began the quest for the Orb.
     0 | D:1      | Reached XP level 1. HP: 11/11 MP: 1/1
    52 | D:1      | Reached skill level 3 in Axes
    54 | D:1      | Reached XP level 2. HP: 6/16 MP: 3/3
   353 | D:1      | Acquired Trog's second power
   395 | D:1      | Reached XP level 3. HP: 16/19 MP: 2/4
   751 | D:2      | Noticed Sigmund
   760 | D:2      | Killed Sigmund
   760 | D:2      | Reached skill level 4 in Axes
   760 | D:2      | Reached XP level 4. HP: 23/23 MP: 5/5
   816 | D:2      | Reached skill level 5 in Axes
   841 | D:2      | Reached XP level 5. HP: 24/27 MP: 7/7
  1046 | D:2      | Noticed Terence
  1051 | D:2      | Killed Terence
  1794 | D:4      | Found a sand-covered staircase.
  1803 | Ossuary  | Entered an ossuary
  1808 | Ossuary  | Reached skill level 6 in Axes
  1808 | Ossuary  | Gained mutation: You heal very quickly. [vine stalker growth]
  1808 | Ossuary  | Reached XP level 6. HP: 32/32 MP: 8/8
  2048 | D:4      | Reached skill level 7 in Axes
  2048 | D:4      | Reached XP level 7. HP: 35/35 MP: 9/9
  2471 | D:4      | Noticed Natasha
  2481 | D:4      | Killed Natasha
  2481 | D:4      | Acquired Trog's third power
  2568 | D:5      | Entered Level 5 of the Dungeon
  2626 | D:5      | Noticed Edmund
  2641 | D:5      | Killed Edmund
  2755 | D:5      | Noticed Prince Ribbit
  2846 | D:5      | Noticed Duvessa
  2846 | D:5      | Noticed Dowan
  2922 | D:6      | Gained mutation: You have razor-sharp teeth. [vine stalker growth]
  2922 | D:6      | Reached XP level 8. HP: 38/42 MP: 9/11
  2939 | D:6      | Noticed magipi's ghost (experienced GrSk)
  2992 | D:7      | Reached skill level 8 in Axes
  3309 | D:6      | Reached skill level 5 in Fighting
  3446 | D:7      | Noticed Joseph
  3469 | D:7      | Killed Joseph
  3478 | D:7      | Found a staircase to the Ecumenical Temple.
  3522 | Temple   | Entered the Ecumenical Temple
  3608 | D:7      | Reached skill level 9 in Axes
  3611 | D:7      | Reached XP level 9. HP: 41/48 MP: 10/12
  3963 | D:8      | Noticed a cyclops
  3976 | D:8      | Killed a cyclops
  4108 | D:8      | Found a staircase to the Lair.
  4124 | D:8      | Found a shimmering altar of Xom.
  4124 | D:8      | Found a bloodstained altar of Trog.
  4279 | D:8      | Reached skill level 10 in Axes
  4460 | D:8      | Found a sparkling altar of Nemelex Xobeh.
  4474 | D:8      | Got a fine leather armour
  4485 | D:8      | Identified the +1 leather armour "Zynkijeu" {Slay+4 Stlth+} (You found it on level 8 of the Dungeon)
  4658 | D:9      | Reached XP level 10. HP: 4/56 MP: 10/13
  4729 | D:9      | Found Cuisuit's Gadget Shop.
  4777 | D:9      | Bought a wand of teleportation (4) for 264 gold pieces
  4802 | D:9      | Found a staircase to the Orcish Mines.
  4815 | D:9      | Found an ancient bone altar of Kikubaaqudgha.
  4849 | D:9      | Received a gift from Trog
  4876 | D:9      | Got a brightly glowing battleaxe {god gift}
  4883 | D:9      | Identified the +8 battleaxe "Newtbane" {flame, *Rage +Rage Str+3 Int+2} (Trog gifted it to you on level 9 of the Dungeon)
  5185 | D:8      | Found Ynac's Assorted Antiques.
  5188 | D:8      | Bought a glowing marble ring for 90 gold pieces
  5188 | D:8      | Bought a scroll labeled KYUSOLLETRE for 18 gold pieces
  5188 | D:8      | Bought a scroll labeled SUMPEKK SIALI for 18 gold pieces
  5341 | Lair:1   | Entered Level 1 of the Lair of Beasts
  5755 | Lair:2   | Reached skill level 11 in Axes
  5850 | Lair:2   | Noticed an elephant
  5850 | Lair:2   | Noticed an elephant
  5851 | Lair:2   | Noticed an elephant
  5852 | Lair:2   | Noticed an elephant
  5993 | Lair:3   | Noticed a griffon
  6001 | Lair:3   | Killed a griffon
  6024 | Lair:3   | Reached XP level 11. HP: 53/60 MP: 13/15
  6167 | Lair:3   | Noticed a black mamba
  6176 | Lair:3   | Noticed a black mamba
  6176 | Lair:3   | Killed a black mamba
  6182 | Lair:3   | Killed a black mamba
  6215 | Lair:3   | Found a hole to the Spider Nest.
  6249 | Lair:3   | Noticed Rupert
  6255 | Lair:3   | Killed Rupert
  6255 | Lair:3   | Reached skill level 5 in Dodging
  6271 | Lair:3   | Received a gift from Trog
  6308 | Lair:2   | Reached skill level 5 in Armour
  6322 | Lair:2   | Killed an elephant
  6344 | Lair:2   | Identified a +1 rod of the swarm (13/13) (You found it on level 2 of the Lair of Beasts)
  6369 | Lair:2   | Killed an elephant
  6369 | Lair:2   | Reached skill level 12 in Axes
  6382 | Lair:2   | Killed an elephant
  6387 | Lair:2   | Killed an elephant
  6849 | Lair:4   | Got a smoking leather armour
  6861 | Lair:4   | Identified the +2 leather armour "Skuuth" {Dex+4} (You found it on level 4 of the Lair of Beasts)
  6974 | Lair:4   | Gained mutation: You regenerate. [vine stalker growth]
  6974 | Lair:4   | Reached XP level 12. HP: 48/65 MP: 11/16
  7069 | Lair:4   | Received a gift from Trog
  7184 | Lair:4   | Found a staircase to the Shoals.
  7358 | Lair:4   | Got a heavily runed leather armour
  7369 | Lair:4   | Identified the +0 leather armour of the Assorted Suns {+Inv rPois rC+} (You found it on level 4 of the Lair of Beasts)
  7587 | Lair:5   | Received a gift from Trog
  8165 | Lair:6   | Noticed Maud
  8170 | Lair:6   | Killed Maud
  8170 | Lair:6   | Reached skill level 13 in Axes
  8193 | Lair:7   | Noticed a four-headed hydra
  8195 | Lair:7   | Noticed a death yak
  8196 | Lair:7   | Noticed a death yak
  8197 | Lair:7   | Killed a two-headed hydra
  8203 | Lair:7   | Killed a death yak
  8210 | Lair:7   | Killed a death yak
  8224 | Lair:7   | Reached XP level 13. HP: 35/69 MP: 17/17
  8227 | Lair:7   | Received a gift from Trog
  8359 | Lair:7   | Noticed a death yak
  8372 | Lair:7   | Killed a death yak
  8526 | Lair:7   | Reached skill level 1 in Evocations
  8568 | Lair:7   | Noticed Fannar
  8572 | Lair:7   | Killed Fannar
  8661 | Lair:8   | Entered Level 8 of the Lair of Beasts
  8731 | Lair:8   | Received a gift from Trog
  8790 | Lair:8   | Found a frozen archway.
  8838 | IceCv    | Entered an ice cave
  9270 | IceCv    | Found an ancient bone altar of Kikubaaqudgha.
  9584 | Lair:8   | Received a gift from Trog
  9621 | Lair:8   | Found a staircase to the Slime Pits.
  9835 | Lair:8   | Reached skill level 14 in Axes
  9841 | Lair:8   | Reached skill level 5 in Evocations
  9842 | Lair:8   | Reached XP level 14. HP: 42/74 MP: 12/24
  9986 | Lair:8   | Noticed a dire elephant
 10022 | Lair:8   | Killed a dire elephant
 10182 | Lair:5   | Noticed Harold
 10200 | Lair:5   | Killed Harold
 10576 | Orc:1    | Entered Level 1 of the Orcish Mines
 10650 | Orc:1    | Received a gift from Trog
 10969 | Orc:1    | Received a gift from Trog
 11044 | Orc:1    | Found a flagged portal.
 11055 | Bailey   | Entered a bailey
 11286 | Bailey   | Got an ancient helmet
 11292 | Bailey   | Identified the cursed +0 helmet of the Illusory Nights {rF+ MR+} (You found it in a bailey)
 11524 | Orc:2    | Noticed Josephine
 11543 | Orc:2    | Killed Josephine
 11597 | Orc:3    | Found a staircase to the Elven Halls.
 11713 | Orc:2    | Received a gift from Trog
 11884 | Orc:3    | Found a roughly hewn altar of Beogh.
 12007 | Orc:4    | Entered Level 4 of the Orcish Mines
 12009 | Orc:4    | Found Maibb's Food Boutique.
 12191 | Orc:4    | Noticed an orc warlord
 12201 | Orc:4    | Killed an orc warlord
 12216 | Orc:4    | Found a roughly hewn altar of Beogh.
 12225 | Orc:4    | Noticed Blork the orc
 12256 | Orc:4    | Killed Blork the orc
 12284 | Orc:4    | Reached skill level 10 in Dodging
 12378 | Orc:4    | Found Joapsaop's Antique Weapon Shoppe.
 12389 | Orc:4    | Received a gift from Trog
 12416 | Orc:4    | Found Erutau's Antique Armour Shoppe.
 12423 | Orc:4    | Bought a smoking scale mail for 261 gold pieces
 12424 | Orc:4    | Identified the +5 scale mail "Erergh" {+Blink +Fly Str+1} (You bought it in a shop on level 4 of the Orcish Mines)
 12456 | Orc:4    | Found Gialuunaca's General Store.
 12462 | Orc:4    | Bought a scroll of enchant weapon for 97 gold pieces
 12462 | Orc:4    | Bought a wand of slowing (17) for 184 gold pieces
 12483 | Orc:4    | Found Guowatua's Jewellery Shoppe.
 12489 | Orc:4    | Bought the ring of Ghiuwif {rElec Stlth-} for 387 gold pieces
 12877 | D:10     | Entered Level 10 of the Dungeon
 12936 | D:10     | Noticed Sonja
 12963 | D:10     | Killed Sonja
 12963 | D:10     | Received a gift from Trog
 13724 | D:11     | Received a gift from Trog
 13895 | D:11     | Noticed Urug
 13913 | D:11     | Killed Urug
 14086 | D:10     | Noticed a fire giant
 14094 | D:10     | Killed a fire giant
 14094 | D:10     | Reached skill level 10 in Armour
 14095 | D:10     | Noticed a tengu reaver
 14102 | D:10     | Killed a tengu reaver
 14301 | D:11     | Received a gift from Trog
 14496 | D:12     | Found a glowing golden altar of the Shining One.
 14543 | D:12     | Reached XP level 15. HP: 78/78 MP: 28/28
 15093 | D:13     | Reached skill level 15 in Axes
 15422 | D:14     | Found Juoq Ilah's General Store.
 15450 | D:14     | Found Mnedicac's Antique Armour Shoppe.
 15463 | D:14     | Found Noxzete's Antique Weapon Boutique.
 15484 | D:14     | Received a gift from Trog
 15687 | D:14     | Received a gift from Trog
 16085 | D:14     | Found a gate to the Vaults.
 16130 | D:15     | Entered Level 15 of the Dungeon
 16154 | D:15     | Found Udoan's Distillery.
 16171 | D:15     | Bought a potion of curing for 36 gold pieces
 16171 | D:15     | Bought a potion of curing for 36 gold pieces
 16218 | D:15     | Found a burning altar of Makhleb.
 16245 | D:15     | Received a gift from Trog
 16352 | D:15     | Found a staircase to the Depths.
 16367 | D:15     | Reached skill level 10 in Evocations
 16536 | D:15     | Found Huodouk's Magic Scroll Boutique.
 16742 | D:15     | Found Kucrada's Assorted Antiques.
 17313 | Lair:3   | Received a gift from Trog
 17336 | Spider:1 | Entered Level 1 of the Spider Nest
 17488 | Spider:3 | Paralysed by a red wasp for 3 turns
 17490 | Spider:3 | HP: 3/79 [red wasp (12)]
 17490 | Spider:3 | Slain by a ghost moth

Action                   |  1- 3 |  4- 6 |  7- 9 | 10-12 | 13-15 || total
-------------------------+-------+-------+-------+-------+-------++-------
Melee: Hand axe          |    62 |       |       |       |       ||    62
       War axe           |    11 |   144 |   296 |    32 |       ||   483
       Battleaxe         |       |       |       |   309 |   900 ||  1209
       Executioner's axe |       |       |       |       |    40 ||    40
 Fire: Blowgun           |       |       |       |       |    16 ||    16
Throw: Javelin           |       |       |     2 |       |     7 ||     9
       Throwing net      |       |       |       |       |     1 ||     1
Invok: Berserk           |     2 |     2 |     3 |     8 |     8 ||    23
       Trog's Hand       |       |       |     1 |     2 |     3 ||     6
       Brothers in Arms  |       |       |       |     2 |     5 ||     7
Evoke: Wand              |       |       |       |     5 |    24 ||    29
       Lamp of fire      |       |       |       |       |     2 ||     2
       Sack of spiders   |       |       |       |       |     1 ||     1
  Use: Scroll            |       |    12 |    10 |    14 |    14 ||    50
       Potion            |       |       |       |       |     3 ||     3
 Stab: Sleeping          |       |       |       |     4 |       ||     4
       Held in net/web   |       |       |       |       |     1 ||     1
  Eat: Chunk             |       |     2 |     3 |    16 |    13 ||    34
       Bread ration      |       |     1 |       |       |     8 ||     9
       Meat ration       |       |     1 |       |       |       ||     1
       Fruit             |       |       |     3 |     3 |    11 ||    17
       Beef jerky        |       |       |     1 |     3 |     5 ||     9
       Royal jelly       |       |       |     1 |     1 |       ||     2
       Pizza             |       |       |       |     2 |     2 ||     4

Action                   |  1- 3 |  4- 6 |  7- 9 | 10-12 | 13-15 || total
-------------------------+-------+-------+-------+-------+-------++-------
Melee: Hand axe          |    62 |       |       |       |       ||    62
       War axe           |    11 |   144 |   296 |    32 |       ||   483
       Battleaxe         |       |       |       |   309 |   900 ||  1209
       Executioner's axe |       |       |       |       |    40 ||    40
 Fire: Blowgun           |       |       |       |       |    16 ||    16
Throw: Javelin           |       |       |     2 |       |     7 ||     9
       Throwing net      |       |       |       |       |     1 ||     1
Invok: Berserk           |     2 |     2 |     3 |     8 |     8 ||    23
       Trog's Hand       |       |       |     1 |     2 |     3 ||     6
       Brothers in Arms  |       |       |       |     2 |     5 ||     7
Evoke: Wand              |       |       |       |     5 |    24 ||    29
       Lamp of fire      |       |       |       |       |     2 ||     2
       Sack of spiders   |       |       |       |       |     1 ||     1
  Use: Scroll            |       |    12 |    10 |    14 |    14 ||    50
       Potion            |       |       |       |       |     3 ||     3
 Stab: Sleeping          |       |       |       |     4 |       ||     4
       Held in net/web   |       |       |       |       |     1 ||     1
  Eat: Chunk             |       |     2 |     3 |    16 |    13 ||    34
       Bread ration      |       |     1 |       |       |     8 ||     9
       Meat ration       |       |     1 |       |       |       ||     1
       Fruit             |       |       |     3 |     3 |    11 ||    17
       Beef jerky        |       |       |     1 |     3 |     5 ||     9
       Royal jelly       |       |       |     1 |     1 |       ||     2
       Pizza             |       |       |       |     2 |     2 ||     4

Action                   |  1- 3 |  4- 6 |  7- 9 | 10-12 | 13-15 || total
-------------------------+-------+-------+-------+-------+-------++-------
Melee: Hand axe          |    62 |       |       |       |       ||    62
       War axe           |    11 |   144 |   296 |    32 |       ||   483
       Battleaxe         |       |       |       |   309 |   900 ||  1209
       Executioner's axe |       |       |       |       |    40 ||    40
 Fire: Blowgun           |       |       |       |       |    16 ||    16
Throw: Javelin           |       |       |     2 |       |     7 ||     9
       Throwing net      |       |       |       |       |     1 ||     1
Invok: Berserk           |     2 |     2 |     3 |     8 |     8 ||    23
       Trog's Hand       |       |       |     1 |     2 |     3 ||     6
       Brothers in Arms  |       |       |       |     2 |     5 ||     7
Evoke: Wand              |       |       |       |     5 |    24 ||    29
       Lamp of fire      |       |       |       |       |     2 ||     2
       Sack of spiders   |       |       |       |       |     1 ||     1
  Use: Scroll            |       |    12 |    10 |    14 |    14 ||    50
       Potion            |       |       |       |       |     3 ||     3
 Stab: Sleeping          |       |       |       |     4 |       ||     4
       Held in net/web   |       |       |       |       |     1 ||     1
  Eat: Chunk             |       |     2 |     3 |    16 |    13 ||    34
       Bread ration      |       |     1 |       |       |     8 ||     9
       Meat ration       |       |     1 |       |       |       ||     1
       Fruit             |       |       |     3 |     3 |    11 ||    17
       Beef jerky        |       |       |     1 |     3 |     5 ||     9
       Royal jelly       |       |       |     1 |     1 |       ||     2
       Pizza             |       |       |       |     2 |     2 ||     4
